 Dungeon Crawl Stone Soup version 0.31.0-11-ge490571c62 (webtiles) character file.

Game seed: 14793624530891313984

80 Aviak the Apothecary (level 4, -2/30 HPs)
             Began as a Formicid Alchemist on Feb 3, 2024.
             Slain by a black bear (3 damage)
             ... on level 4 of the Dungeon.
             The game lasted 00:03:14 (3241 turns).

Aviak the Apothecary (Formicid Alchemist)           Turns: 3241, Time: 00:03:15

Health: -2/30      AC:  6    Str: 13 (14) XL:     4   Next: 65%
Magic:  4/8        EV: 10    Int: 13 (15) God:
Gold:   170        SH:  0    Dex: 12 (14) Spells: 8/9 levels left

rFire   + . .        u - +1 whip (elec)
rCold   + . .        (no shield)
rNeg    . . .        c - +0 ring mail
rPois   +            (helmet unavailable)
rElec   +            p - +0 cloak
rCorr   +            (no gloves)
SInv    +            (no boots)
Will    +....        (no amulet)
Stlth   +            (no ring)
HPRegen 0.25/turn    (no ring)
MPRegen 0.11/turn

%: no passive effects
@: mighty, resistant, enlightened, flying
A: permanent stasis, dig shafts and tunnels, antennae 3, four strong arms
a: Dig, Shaft Self


You were on level 4 of the Dungeon.
You visited 1 branch of the dungeon, and saw 4 of its levels.

You collected 170 gold pieces.

Inventory:

Hand Weapons
 d - a +0 short sword
 i - a +2 dagger of flaming
 u - a +1 whip of electrocution (weapon)
Armour
 a - a +0 robe
 c - a +0 ring mail (worn)
 p - a +0 cloak (worn)
Scrolls
 e - 2 scrolls of fear {unknown}
 h - 4 scrolls of identify {unknown}
 j - 2 scrolls of torment {unknown}
 k - a scroll of enchant weapon {unknown}
 l - 2 scrolls of teleportation {unknown}
 m - a scroll of acquirement {unknown}
 n - 2 scrolls of blinking {unknown}
 o - a scroll of revelation {unknown}
 s - a scroll of summoning {unknown}
Potions
 b - 2 potions of magic
 f - 3 potions of haste
 g - 2 potions of enlightenment
 v - a potion of curing {unknown}


   Skills:
 + Level 0.0 Fighting
 + Level 0.0 Maces & Flails
 + Level 0.0 Armour
 - Level 2.0 Dodging
 - Level 2.4 Stealth
 - Level 3.0 Spellcasting
 - Level 1.0 Conjurations
 - Level 6.0 Alchemy


You had 8 spell levels left.
You knew the following spells:

 Your Spells              Type           Power      Damage    Failure   Level
a - Sting                 Conj/Alch      44%        1d5       12%         1

Your spell library contained the following spells:

 Spells                   Type           Power      Damage    Failure   Level
 Mercury Vapours          Alch/Air       18%        N/A       22%         2
 Olgreb's Toxic Radiance  Alch           17%        N/A       38%         4
 Mephitic Cloud           Conj/Alch/Air  8%         N/A       52%         3
 Sticky Flame             Fire/Alch      9%         2d5       82%         4


Dungeon Overview and Level Annotations

Branches:
Dungeon (4/15)
 Temple: D:4-7

Altars:


Innate Abilities, Weirdness & Mutations

You cannot be hasted, slowed, berserked, paralysed or teleported.
You can dig through walls and to a lower floor.
You have a pair of large antennae on your head. (SInv)
Your four strong arms can wield two-handed weapons with a shield.


Message History

Casting: Sting (safe; 10% risk of failure)
Confirm with . or Enter, or press ? or * to list all spells.
You don't know that spell.
It was a potion of haste.
Your stasis prevents you from being hasted.
f - 3 potions of haste;
c - a +0 ring mail (worn)
A hound comes into view.
The black bear barely misses you. The black bear claws you.
* * * LOW HITPOINT WARNING * * *
The black bear closely misses you.
Ijyb zaps a wand.
The puff of flame hits you.
* * * LOW HITPOINT WARNING * * *
You aren't carrying any items that you can evoke.
The hound barks!
Ijyb zaps a wand.
The puff of flame misses you.
You see here a scroll labelled RUISAJ SAFASIE.
The black bear attacks as it pursues you!
The black bear barely misses you.
The black bear claws you but does no damage.
The black bear barely misses you.
Ijyb screams, "Me very upset!"
You see here a +0 trident.
It was a potion of resistance.
You feel protected. The black bear bites you.
* * * LOW HITPOINT WARNING * * *
The black bear claws you.
* * * LOW HITPOINT WARNING * * *
The black bear claws you but does no damage.
It was a potion of might.
You feel very mighty all of a sudden.
The black bear bites you but does no damage.
The black bear claws you but does no damage.
The black bear claws you.
* * * LOW HITPOINT WARNING * * *
It was a potion of degeneration.
There was something very wrong with that liquid.
You feel weakened.
You feel dopey.
You feel clumsy.
You feel a bit more experienced. The black bear bites you.
You die...

.......###.##......?
........# ..........
........###.#.#....
..............#..#
......).?.##.....#
........#.....#..#
.......###h{.....# ....
.........#h#..#.## ...#.
.!...$.....@.....#####....(
........##.#..##.........#
....... #....##<###......
..... #.........#...### ..
#..###..........# . #..#
##.....#.... #...........#
.# #. #....#.#.# #........#


You could see a black bear and a hound.

Vanquished Creatures
  Ijyb (D:4)
  An iguana (D:4)
  An adder (D:2)
  A ribbon worm (D:2)
  A dart slug (D:1)
  4 ball pythons
  2 bats
  6 endoplasms
  A giant cockroach (D:2)
  5 goblins
  5 hobgoblins
  A frilled lizard (D:1)
  5 kobolds
  9 rats
43 creatures vanquished.

Notes
Turn   | Place    | Note
-------+----------+-------------------------------------------
     0 | D:1      | Aviak the Formicid Alchemist began the quest for the Orb.
     0 | D:1      | Reached XP level 1. HP: 13/13 MP: 3/3
    73 | D:1      | Reached skill level 1 in Conjurations
   167 | D:1      | Reached XP level 2. HP: 19/19 MP: 0/5
   631 | D:1      | Reached XP level 3. HP: 24/24 MP: 7/7
  1716 | D:2      | Reached skill level 5 in Alchemy
  2182 | D:3      | Reached XP level 4. HP: 25/30 MP: 6/8
  3160 | D:4      | Reached skill level 6 in Alchemy
  3222 | D:4      | Noticed Ijyb
  3227 | D:4      | Noticed a black bear
  3240 | D:4      | HP: 1/30 [black bear (2)]
  3241 | D:4      | Killed Ijyb
  3241 | D:4      | Slain by a black bear

Illustrated notes

Levels and vault maps discovered:
D:1:      heliophobic_arrival_ceremonial_halls, layout_basic
D:2:      layout_loops_cross, serial_rivers, chequers_serial_rivers_micro_e,
          chequers_serial_rivers_large_a, chequers_serial_rivers_micro_e,
          chequers_serial_rivers_small_b, chequers_serial_rivers_room_a,
          chequers_serial_rivers_small_a
D:3:      layout_rooms, serial_bayou, serial_bayou_ford_a, serial_bayou_pond_b,
          serial_bayou_shore_b, serial_bayou_shore_b, chequers_big_river,
          minmay_crystal_room, chequers_serial_rivers_micro_a,
          minmay_misc_feat_rows
D:4:      layout_rooms, hangedman_decor_lopped, minmay_door_square,
          nicolae_custom_books, minivault_23, chequers_hall_statues_y,
          uniq_eustachio, uniq_robin, uniq_ijyb

Skill      XL: |  1  2  3  4 |
---------------+-------------+-----
Conjurations   | 1 |  1.0
Dodging        | 2 |  2.0
Spellcasting   | 3 |  3.0
Alchemy        | 5 6 |  6.0
Stealth        | |  2.4

Action                     |  1- 3 |  4- 6 || total
---------------------------+-------+-------++-------
  Melee: Short sword       |    18 |       ||    18
         Dagger            |    24 |     1 ||    25
         Whip              |       |     3 ||     3
   Cast: Sting             |    48 |    25 ||    73
    Use: Potion            |       |     5 ||     5
   Stab: Sleeping          |     4 |       ||     4
 Armour: Robe              |    31 |     2 ||    33
         Ring mail         |       |    17 ||    17
  Dodge: Dodged            |    39 |     8 ||    47
